 Dungeon Crawl Stone Soup version 0.29.1-15-g9cfb28693d (webtiles) character file.

Game seed: 6708302512457387634

40511 Carnifexus the Blocker (level 13, 0/101 HPs)
             Began as a Demonspawn Fighter on Mar 23, 2023.
             Was a High Priest of Qazlal.
             Constricted to death by a naga warrior (5 damage)
             ... on level 2 of the Snake Pit.
             The game lasted 00:49:58 (14326 turns).

Carnifexus the Blocker (Demonspawn Fighter)        Turns: 14326, Time: 00:49:59

Health: 0/101      AC: 37    Str: 19    XL:     13   Next: 75%
Magic:  13/13      EV:  3    Int: 12    God:    Qazlal [*****.]
Gold:   1077       SH: 23    Dex: 15    Spells: 12/12 levels left

rFire   . . .      SeeInvis .   d - +9 hammer of Haunted Indomitability {vamp, rPois Will+}
rCold   . . .      Faith    .   r - +0 kite shield
rNeg    + . .      Spirit   .   l - +3 plate armour
rPois   +          Reflect  .   (no helmet)
rElec   .          Harm     .   p - +2 cloak {Stlth+}
rCorr   .          Rampage  .   J - +0 pair of gloves
Will    +....                   (no boots)
Stlth   ..........              D - amulet of regeneration
HPRegen 1.06/turn               y - +4 ring of protection
MPRegen 0.13/turn               I - ring of positive energy

@: lethally poisoned (0 -> -1), weakened, protected from physical damage,
constricted, repel missiles
A: hooves 2, demonic guardian 1, icemail 2, big brain 1, condensation shield
a: Renounce Religion, Upheaval, Elemental Force, Disaster Area


You were on level 2 of the Snake Pit.
You worshipped Qazlal.
Qazlal was extremely pleased with you.
You visited 4 branches of the dungeon, and saw 16 of its levels.

You collected 1077 gold pieces.

Inventory:

Hand Weapons
 d - the +9 hammer of Haunted Indomitability (weapon) {vamp, rPois Will+}
   (You found it on level 2 of the Dungeon)

   It occasionally heals its wielder for a portion of the damage dealt when it
   wounds a living foe.
   rPois:     It protects you from poison.
   Will:      It increases your willpower.
 e - a +3 flail
 h - a +2 vorpal mace
 q - a +4 quarterstaff of chaos
 E - the +6 mace of the Elven Halls {vamp, rN+}
   (You found it on level 8 of the Dungeon)

   It occasionally heals its wielder for a portion of the damage dealt when it
   wounds a living foe.
   rN:        It protects you from negative energy.
 W - a +5 scimitar
Missiles
 t - 21 poisoned darts
 N - 5 atropa-tipped darts
Armour
 l - a +3 plate armour (worn)
 m - +0 acid dragon scales
 p - a +2 cloak of stealth (worn)
 r - a +0 kite shield (worn)
 J - a +0 pair of gloves (worn)
 M - an orb of energy
 T - the +3 hat of Pondering {ponderous, Will+ MP+10 Int+5}
   (You took it off Gastronok on level 3 of the Lair of Beasts)

   Int:       It affects your intelligence (+5).
   MP:        It affects your magic capacity (+10).
   Will:      It increases your willpower.
Magical Staves
 o - a staff of air
 u - a staff of poison
 Q - a staff of cold
Jewellery
 y - a +4 ring of protection (left hand)
 D - an amulet of regeneration (around neck)
 F - an amulet of magic regeneration
 I - a ring of positive energy (right hand)
Wands
 b - a wand of flame (50)
 c - a wand of paralysis (20)
 w - a wand of acid (3)
 L - a wand of mindburst (18)
Scrolls
 a - 3 scrolls of vulnerability {unknown}
 g - a scroll of blinking
 i - 2 scrolls of enchant weapon
 k - 2 scrolls of butterflies
 s - 4 scrolls of poison
 A - a scroll of teleportation (quivered)
 B - 5 scrolls of identify
 H - a scroll of brand weapon
 O - a scroll of magic mapping {unknown}
 U - a scroll of acquirement {unknown}
Potions
 f - 3 potions of lignification
 j - 2 potions of cancellation
 n - 3 potions of degeneration
 v - 3 potions of attraction
 x - a potion of berserk rage
 z - 2 potions of resistance
 C - a potion of brilliance
 G - 2 potions of flight
 K - a potion of curing
 P - a potion of mutation {unknown}
 R - a potion of invisibility {unknown}
 S - 2 potions of ambrosia
Miscellaneous
 V - a lightning rod (4/4)


   Skills:
 + Level 9.2 Fighting
 + Level 3.1 Long Blades
 + Level 12.5 Maces & Flails
 + Level 9.7 Armour
 + Level 3.4 Dodging
 + Level 1.2 Stealth
 + Level 13.3 Shields


You had 12 spell levels left.
You didn't know any spells.
Your spell library contained the following spells:

 Spells                   Type           Power      Damage    Failure   Level
 Necrotise                Necr           0%         1d4       100%        1
 Ensorcelled Hibernation  Hex/Ice        0%         N/A       100%        2
 Static Discharge         Conj/Air       0%         3-3/arc   100%        2
 Spider Form              Tmut/Pois      0%         N/A       100%        3
 Vampiric Draining        Necr           0%         2d6       100%        3
 Anguish                  Hex/Necr       0%         N/A       100%        4
 Hailstorm                Conj/Ice       0%         3d3       100%        4
 Ice Form                 Ice/Tmut       0%         N/A       100%        4
 Summon Ice Beast         Ice/Summ       0%         N/A       100%        4
 Agony                    Necr           0%         N/A       100%        5
 Fireball                 Conj/Fire      0%         3d3       100%        5
 Lightning Bolt           Conj/Air       0%         1d11      100%        5
 Summon Mana Viper        Hex/Summ       0%         N/A       100%        5
 Simulacrum               Ice/Necr       0%         N/A       100%        6
 Starburst                Conj/Fire      0%         6d3       100%        6
 Monstrous Menagerie      Summ           0%         N/A       100%        7
 Ignition                 Fire           0%         3d3       100%        8
 Maxwell's Capacitive Co  Air            0%         ∞         100%        8


Dungeon Overview and Level Annotations

Branches:
Dungeon (10/15)            Temple (1/1) D:5            Lair (3/5) D:10
  Swamp (0/4) Lair:3        Snake (2/4) Lair:3
    Orc: D:9-12

Altars:
Ashenzari
Cheibriados
Dithmenos
Fedhas
Gozag
Hepliaklqana
Kikubaaqudgha
Makhleb
Nemelex Xobeh
Okawaru
Qazlal
Ru
Sif Muna
Trog
Uskayaw
Vehumet
Wu Jian
Xom
Yredelemnul

Shops:
D:5 =   Snake:2 ?

Portals:
Volcano: Lair:1

Annotations:
D:7 2 transporters, 123deadman's ghost, novice TrTm
Lair:1 2 transporters, Kazon's ghost, journeyman HuFi


Innate Abilities, Weirdness & Mutations

You have hoof-like feet.
A weak demonic guardian rushes to your aid.
A meltable icy envelope protects you from harm. (AC +8)
You have an unusually large brain. (Int +2)
A meltable shield of frost defends you. (SH +4)


Message History

The nagaraja casts a spell at you. The poison arrow hits you!
You are poisoned.
You partially resist.
* * * LOW HITPOINT WARNING * * *
A demonic guardian appears!
You block the salamander's attack.
You closely miss the nagaraja. You kick the nagaraja.
The nagaraja is lightly wounded.
You feel very sick. You block the nagaraja's attack. The nagaraja grabs you.
The nagaraja constricts you.
* * * LOW HITPOINT WARNING * * *
The nagaraja gestures at you while chanting.
You block the poison arrow. The nagaraja constricts you.
* * * LOW HITPOINT WARNING * * *
The naga warrior roars a battlecry!
The nagas go into a battle-frenzy!
You thump the nagaraja!
You feel better.
You kick the nagaraja, but do no damage.
The nagaraja is lightly wounded.
You feel sick. You block the salamander's attack.
The nagaraja spits poison at you.
The splash of poison hits you but does no damage.
You resist. The nagaraja constricts you.
* * * LOW HITPOINT WARNING * * *
Your iron imp hits the salamander.
You barely miss the nagaraja. Your kick misses the nagaraja.
The nagaraja is lightly wounded.
You feel sick. The nagaraja loses its grip on you.
You block the salamander's attack.
Your iron imp hits the salamander!
Unknown command.
The salamander attacks as you move away!
You block the salamander's attack.
You feel sick.
The nagaraja points at you and mumbles some strange words.
You block the poison arrow. You block the salamander's attack.
The naga warrior hits you with a +0 dire flail!!
* * * LOW HITPOINT WARNING * * *
You feel protected from physical attacks.
The naga warrior grabs you. The naga warrior constricts you.
You die...

#### ~~~P ##...## ###
♣~~≈~♣ ##....... ..###
.♣~~~~~ ##........
....#..PPP...♣ #.°○......
.............. ##N5.......
..)..........N##@○N.......
†N...........#NN##.§......


NN)...... ###..####....... S........ #......###...... ..........#.......####...#
##.................# .### ................N.# N ...................#
....##..##.........# You could see 2 nagarajas, a naga warrior, a salamander
(strong, ally target) and a friendly iron imp (summoned).

Vanquished Creatures
  Gastronok (Lair:3)
  A salamander tyrant (Snake:2)
  4 hydras
  2 centaur warriors (D:10)
  4 two-headed ogres (D:10)
  2 anacondas (Snake:1)
  2 death yaks (Lair:3)
  A naga sharpshooter (Snake:1)
  A shock serpent (Snake:1)
  A skeletal warrior (D:10)
  Nergalle (Lair:2)
  A salamander mystic (Snake:1)
  A cyclops (D:10)
  An ugly thing (D:10)
  2 mana vipers (Snake:1)
  A manticore (D:10)
  4 elephants (Lair:3)
  9 black mambas
  Joseph (D:6)
  8 cane toads
  2 naga magi (Snake:1)
  5 komodo dragons
  3 rime drakes
  3 unseen horrors
  Maggie (D:7)
  3 trolls (D:10)
  2 polar bears
  A slime creature (D:10)
  5 dream sheep (Lair:2)
  Sigmund (D:5)
  2 shadows
  8 wyverns
  A basilisk (D:10)
  24 yaks
  4 acid dragons (D:10)
  16 nagas
  7 water moccasins
  4 orc warriors
  2 sky beasts (D:8)
  4 ogres
  2 centaurs (D:10)
  12 wolves (Lair:3)
  A kobold brigand (D:8)
  8 bullfrogs
  3 gnoll sergeants
  A necrophage (D:7)
  3 scorpions (D:5)
  9 wights
  7 killer bees
  3 electric eels
  3 howler monkeys
  Crazy Yiuf (D:2)
  5 hounds
  2 gnoll boudas (D:7)
  4 orc priests
  A jelly (D:8)
  4 iguanas
  9 orc wizards
  20 gnolls
  8 adders
  A shadow imp (D:6)
  An ufetubus (D:5)
  2 worms
  3 dart slugs
  27 orcs
  4 ball pythons
  An endoplasm (D:1)
  3 giant cockroaches
  5 hobgoblins
  10 jackals
  2 quokkas (D:3)
  4 bats
  4 frilled lizards
  12 goblins
  12 kobolds
  5 rats
348 creatures vanquished.

Vanquished Creatures (collateral kills)
  A black mamba (Lair:3)
1 creature vanquished.

Vanquished Creatures (others)
  3 fungi
  17 plants
20 creatures vanquished.

Grand Total: 369 creatures vanquished

Notes
Turn   | Place    | Note
-------+----------+-------------------------------------------
     0 | D:1      | Carnifexus the Demonspawn Fighter began the quest for the
                  | Orb.
     0 | D:1      | Reached XP level 1. HP: 18/18 MP: 1/1
   417 | D:1      | Gained mutation: A meltable shield of frost defends you.
                  | (SH +4) [demonic ancestry]
   417 | D:1      | Reached XP level 2. HP: 13/24 MP: 2/2
   771 | D:1      | Reached skill level 3 in Shields
  1549 | D:2      | Reached XP level 3. HP: 22/29 MP: 3/3
  2562 | D:2      | Found a runed translucent door.
  2563 | D:2      | Noticed Crazy Yiuf
  2575 | D:2      | Killed Crazy Yiuf
  2576 | D:2      | Gained mutation: A meltable icy envelope protects you from
                  | harm. (AC +8) [demonic ancestry]
  2576 | D:2      | Reached XP level 4. HP: 13/35 MP: 4/4
  2582 | D:2      | Identified the +9 hammer of Haunted Indomitability {vamp,
                  | rPois Will+}
  3034 | D:3      | Found a faded altar of an unknown god.
  3818 | D:4      | Reached skill level 1 in Maces & Flails
  3828 | D:4      | Reached XP level 5. HP: 35/41 MP: 5/5
  4068 | D:4      | Noticed an ogre
  4093 | D:4      | Killed an ogre
  4094 | D:4      | Reached skill level 1 in Dodging
  4094 | D:4      | Gained mutation: You have large cloven feet. [demonic
                  | ancestry]
  4094 | D:4      | Reached XP level 6. HP: 48/48 MP: 6/6
  4127 | D:4      | You fall into a shaft and drop 2 floors!
  4136 | D:5      | Entered Level 5 of the Dungeon
  4351 | D:5      | Gained mutation: A meltable icy envelope protects you from
                  | harm. (AC +8) [demonic ancestry]
  4351 | D:5      | Reached XP level 7. HP: 45/53 MP: 7/7
  4636 | D:5      | Reached skill level 4 in Shields
  4645 | D:5      | Reached skill level 5 in Maces & Flails
  4645 | D:5      | Reached XP level 8. HP: 54/60 MP: 8/8
  4689 | D:5      | Found a staircase to the Ecumenical Temple.
  4741 | Temple   | Entered the Ecumenical Temple
  4846 | Temple   | Became a worshipper of Qazlal Stormbringer
  5114 | D:5      | Noticed Sigmund
  5126 | D:5      | Killed Sigmund
  5153 | D:5      | Found Nowikedi's Jewellery Boutique.
  5774 | D:7      | Noticed Joseph
  6019 | D:6      | Killed Joseph
  6019 | D:6      | Reached * piety under Qazlal
  6020 | D:6      | Reached skill level 5 in Armour
  6020 | D:6      | Reached skill level 1 in Stealth
  6020 | D:6      | Reached XP level 9. HP: 42/67 MP: 9/9
  6039 | D:7      | Reached skill level 5 in Fighting
  6287 | D:7      | Reached skill level 5 in Shields
  6747 | D:7      | Noticed Maggie
  6803 | D:7      | Killed Maggie
  7286 | D:7      | Killed an unseen horror
  7614 | D:7      | Found a broken altar of Ashenzari.
  7675 | D:7      | Found a transporter.
  7677 | D:7      | Noticed 123deadman's ghost (novice TrTm)
  7678 | D:7      | Found a transporter.
  7958 | D:8      | Reached skill level 6 in Shields
  8035 | D:8      | Reached ** piety under Qazlal
  8052 | D:8      | Gained mutation: You have an unusually large brain. (Int
                  | +2) [demonic ancestry]
  8052 | D:8      | Reached XP level 10. HP: 61/75 MP: 10/10
  8203 | D:8      | Found an ornate altar of the Wu Jian Council.
  8204 | D:8      | Found a snail-covered altar of Cheibriados.
  8205 | D:8      | Found an ancient bone altar of Kikubaaqudgha.
  8410 | D:8      | Identified the +6 mace of the Elven Halls {vamp, rN+}
  8857 | D:9      | Found an iron altar of Okawaru.
  9096 | D:9      | Reached skill level 7 in Shields
  9133 | D:9      | Reached *** piety under Qazlal
  9350 | D:10     | Entered Level 10 of the Dungeon
  9719 | D:10     | Noticed a two-headed ogre
  9731 | D:10     | Killed a two-headed ogre
  9737 | D:10     | Reached skill level 8 in Shields
  9915 | D:10     | Gained mutation: You have hoof-like feet. [demonic
                  | ancestry]
  9915 | D:10     | Reached XP level 11. HP: 76/83 MP: 11/11
 10094 | D:10     | Noticed a two-headed ogre
 10109 | D:10     | Killed a two-headed ogre
 10259 | D:10     | Noticed a two-headed ogre
 10260 | D:10     | Noticed a two-headed ogre
 10282 | D:10     | Killed a two-headed ogre
 10283 | D:10     | Reached skill level 9 in Shields
 10299 | D:10     | Killed a two-headed ogre
 10309 | D:10     | Reached **** piety under Qazlal
 10349 | D:10     | Noticed a five-headed hydra
 10349 | D:10     | Noticed a green ugly thing
 10350 | D:10     | Noticed a centaur warrior
 10352 | D:10     | Noticed a skeletal warrior
 10354 | D:10     | Noticed a centaur warrior
 10357 | D:10     | Reached skill level 10 in Maces & Flails
 10363 | D:10     | Killed a five-headed hydra
 10372 | D:10     | Killed a green ugly thing
 10384 | D:10     | Killed a centaur warrior
 10417 | D:10     | Killed a skeletal warrior
 10432 | D:10     | Killed a centaur warrior
 10433 | D:10     | Reached skill level 10 in Shields
 10656 | D:10     | Found a staircase to the Lair.
 10677 | D:10     | Noticed a four-headed hydra
 10698 | D:10     | Reached XP level 12. HP: 91/91 MP: 12/12
 10706 | D:10     | Killed a four-headed hydra
 10840 | Lair:1   | Entered Level 1 of the Lair of Beasts
 10966 | Lair:1   | Found a dark tunnel.
 11134 | Lair:1   | Found a transporter.
 11134 | Lair:1   | Noticed Kazon's ghost (journeyman HuFi)
 11141 | Lair:1   | Found a transporter.
 11658 | Lair:2   | Noticed Nergalle
 11741 | Lair:2   | Killed Nergalle
 12111 | Lair:2   | Reached skill level 11 in Shields
 12229 | Lair:2   | Noticed a seven-headed hydra
 12239 | Lair:2   | Killed a seven-headed hydra
 12261 | Lair:2   | Noticed an eight-headed hydra
 12272 | Lair:2   | Killed an eight-headed hydra
 12655 | Lair:3   | Reached ***** piety under Qazlal
 12776 | Lair:3   | Reached skill level 12 in Shields
 12861 | Lair:3   | Gained mutation: A weak demonic guardian rushes to your
                  | aid. [demonic ancestry]
 12861 | Lair:3   | Reached XP level 13. HP: 99/99 MP: 13/13
 12882 | Lair:3   | Found a staircase to the Swamp.
 13253 | Lair:3   | Noticed Gastronok
 13278 | Lair:3   | Killed Gastronok
 13299 | Lair:3   | Found a staircase to the Snake Pit.
 13549 | Snake:1  | Entered Level 1 of the Snake Pit
 13798 | Snake:1  | Reached skill level 13 in Shields
 14261 | Snake:2  | Found Heofuq's Magic Scroll Shoppe.
 14272 | Snake:2  | Noticed a nagaraja
 14272 | Snake:2  | Noticed a nagaraja
 14283 | Snake:2  | HP: 4/101 [salamander (10)]
 14326 | Snake:2  | HP: 5/101 [naga warrior/+0 dire flail (22)]
 14326 | Snake:2  | Constricted to death by a naga warrior

Illustrated notes

Levels and vault maps discovered:
D:1:      minmay_arrival_floating_metal, layout_basic, grunt_decor_one_mirror,
          dk_noncrumbling_3, solitary_fountain
D:2:      layout_basic, uniq_crazy_yiuf_cottage
D:3:      layout_loops_corners, chequers_ecumenical_altar_twisty
D:4:      layout_cave_pods, st_stairs_13
D:5:      layout_loops_cross, temple_hall, serial_shops,
          nicolae_shop_temple_entry_statues_fountains,
          chequers_serial_rivers_micro_b, uniq_sigmund
D:6:      layout_gridville, serial_bayou_crossing
D:7:      layout_basic, kennysheep_mini, serial_curves, eino_curves_01,
          eino_curves_01, gammafunk_ghost_hive, uniq_joseph, uniq_maggie
D:8:      layout_gridville, nicolae_overflow_hidden_temple,
          minmay_misc_feat_alley
D:9:      layout_rooms, okawaru_altar_gauntlet_db, serial_aquarium,
          aquarium_bridge_square [aquarium_subvault_wall,
          aquarium_subvault_window, aquarium_subvault_wall,
          aquarium_subvault_bridge], aquarium_bridge_square
          [aquarium_subvault_wall, aquarium_subvault_window,
          aquarium_subvault_window, aquarium_subvault_bridge],
          aquarium_window_corner, aquarium_window_corner, aquarium_view_2g,
          aquarium_view_2a, aquarium_pool_S
D:10:     minmay_the_grid_4x2 [minmay_the_grid_empty, minmay_the_grid_tree,
          minmay_the_grid_garden, minmay_the_grid_small_cups,
          minmay_the_grid_outer_circle, minmay_the_grid_empty,
          minmay_the_grid_embedded, minmay_the_grid_prize_four_corners],
          layout_cave_pools, minmay_puff
Temple:   minmay_temple_bridge_d
Lair:1:   layout_chaotic_city, gammafunk_ghost_arena,
          nicolae_volcano_entry_two_sided, grunt_megastairs_5
Lair:2:   gammafunk_indiana_jones, layout_gridlike, serial_bayou_lagoon_a,
          serial_bayou_shore_a, uniq_nergalle
Lair:3:   layout_regular_city, swamp_mist_pool, guppyfry_snake_entry_garden,
          hangedman_lair_generics_rect, infiniplex_staircase_pool,
          uniq_gastronok
Snake:1:  layout_onion_interference, nicolae_snake_squiggles
Snake:2:  layout_chambers, serial_shops, shop, serial_bayou_pond_e,
          serial_bayou_shore_b

Skill      XL: |  1  2  3  4  5  6  7  8  9 10 11 12 13 |
---------------+----------------------------------------+-----
Shields        | 3 4 6 8 10 12 13 | 13.3
Long Blades    | 2 3 |  3.1
Armour         | 3 4 5 6 7 8 9 |  9.7
Maces & Flails | 1 2 3 5 7 8 9 10 11 12 | 12.5
Dodging        | 1 2 3 |  3.4
Fighting       | 4 5 6 7 8 9 |  9.2
Stealth        | 1 |  1.2

Action                   |  1- 3 |  4- 6 |  7- 9 | 10-12 | 13-15 || total
-------------------------+-------+-------+-------+-------+-------++-------
Melee: Long sword        |    90 |       |       |       |       ||    90
       Mace              |       |   108 |   307 |   647 |   265 ||  1327
       Kick              |       |     7 |    89 |   253 |   106 ||   455
  Use: Scroll            |     3 |     1 |    12 |     4 |     2 ||    22
       Potion            |     1 |       |    10 |     3 |     4 ||    18
Armor: Scale mail        |    52 |    55 |    32 |       |       ||   139
       Chain mail        |       |       |    30 |       |       ||    30
       Plate armour      |       |       |   211 |   503 |   136 ||   850
Dodge: Dodged            |    35 |    56 |    75 |   151 |    36 ||   353
       Repelled          |       |       |       |     3 |     7 ||    10
Block: Buckler           |    41 |    56 |    38 |       |       ||   135
       Kite shield       |       |       |   203 |   846 |   346 ||  1395
